 Dungeon Crawl Stone Soup version 0.21-a0-88-g13b9641 (webtiles) character file.

196 HAL9000 the Skirmisher (level 5, -3/62 HPs)
             Began as an Ogre Hunter on June 26, 2017.
             Slain by HAL9000's ghost (5 damage)
             ... on level 4 of the Dungeon.
             The game lasted 00:06:18 (4370 turns).

HAL9000 the Skirmisher (Ogre Hunter)                Turns: 4370, Time: 00:06:19

Health: -3/62      AC:  3    Str: 17    XL:     5   Next: 75%
Magic:  0/5        EV: 10    Int: 12    God:
Gold:   101        SH:  0    Dex:  9    Spells: 4/4 levels left

rFire    . . .     SeeInvis .   a - +0 short sword
rCold    . . .     Gourm    .   (no shield)
rNeg     . . .     Faith    .   b - +0 robe
rPois    .         Spirit   +   (helmet restricted)
rElec    .         Reflect  .   (no cloak)
rCorr    .         Harm     .   (gloves unavailable)
MR       .....                  (boots unavailable)
Stlth    +.........             j - amulet of guardian spirit
HPRegen  0.20/turn              (no ring)
MPRegen  0.09/turn              (no ring)

@: no status effects
A: unfitting armour, tough skin 1
a: no special abilities


You were on level 4 of the Dungeon.
You were very hungry.

You visited 1 branch of the dungeon, and saw 4 of its levels.

You collected 101 gold pieces.

Inventory:

Hand Weapons
 a - a +0 short sword (weapon)
 u - a +0 whip
Missiles
 c - 2 large rocks (quivered)
 d - a throwing net
Armour
 b - a +0 robe (worn)
Jewellery
 j - an amulet of guardian spirit (around neck)
Wands
 C - a wand of random effects (31/48)
Scrolls
 g - a scroll of fear {unknown}
 h - 3 scrolls of magic mapping
 l - 3 scrolls of identify
 m - a scroll of amnesia {unknown}
 n - 2 scrolls of fog {unknown}
 q - a scroll of teleportation {unknown}
 r - 2 scrolls of enchant armour {unknown}
 v - 2 scrolls of random uselessness {unknown}
 w - a scroll of recharging {unknown}
Potions
 k - 4 potions of flight
 z - a potion of cancellation
Miscellaneous
 y - a fan of gales
Comestibles
 f - 3 bread rations
 p - 3 fruits
 A - a meat ration


   Skills:
 - Level 7.0 Fighting
 + Level 1.1 Maces & Flails
 - Level 4.0 Throwing
 - Level 1.7 Dodging
 - Level 0.6 Stealth
 - Level 1.0 Evocations


You had 4 spell levels left.
You didn't know any spells.

Dungeon Overview and Level Annotations

Branches:
Dungeon (4/15)
 Temple: D:4-7

Altars:
Ashenzari
Fedhas
Qazlal
Wu Jian

Annotations:
D:4 HAL9000's ghost, novice OgHu


Innate Abilities, Weirdness & Mutations

You are too large for most types of armour.
You have tough skin. (AC +1)


Message History

HAL9000's ghost hits you!
* * * LOW HITPOINT WARNING * * *
You hit HAL9000's ghost.
HAL9000's ghost is heavily damaged.
HAL9000's ghost barely misses you. HAL9000's ghost hits you.
* * * LOW HITPOINT WARNING * * *
You see here 2 fruits.
You see here a large rock.
You see here 3 large rocks.
c - 3 large rocks HAL9000's ghost hits you!
* * * LOW HITPOINT WARNING * * *
Throwing (i - inventory. (,) - cycle):
c - 3 large rocks (quivered)
Press: ? - help, Shift-Dir - straight line, f/p - HAL9000's ghost
Aim: HAL9000's ghost (heavily damaged)
You throw a large rock.
The large rock closely misses HAL9000's ghost.
HAL9000's ghost hits you.
You die...

## #.#. #.#.# ##
#.#.#. #.#
#.#.#.#.
##.#.#.#.#.#.
#.♣@♣.♣.♣.#.#
##.W.....#.#
#.♣%♣.♣.♣.#
##.......#.
#.♣.♣.♣.♣.#.
##.(.....#.#.
#.♣(♣.♣.♣.#.#.
##.#.#.#.#.#.#.
#.#.#.#.#.#.#.#.


You could see HAL9000's ghost.

Vanquished Creatures
  A worker ant (D:3)
  8 adders
  A worm (D:3)
  3 dart slugs
  A leopard gecko (D:4)
  5 orcs (D:3)
  4 giant cockroaches
  9 goblins
  3 hobgoblins
  5 jackals (D:1)
  5 kobolds
  A ball python (D:3)
  6 bats
  4 frilled lizards
  8 rats
64 creatures vanquished.

Vanquished Creatures (others)
  An orc wizard (D:3)
1 creature vanquished.

Grand Total: 65 creatures vanquished

Notes
Turn   | Place    | Note
-------+----------+-------------------------------------------
     0 | D:1      | HAL9000 the Ogre Hunter began the quest for the Orb.
     0 | D:1      | Reached XP level 1. HP: 22/22 MP: 1/1
    24 | D:1      | Reached skill level 3 in Fighting
   153 | D:1      | Reached XP level 2. HP: 7/31 MP: 0/2
   665 | D:1      | Reached skill level 4 in Fighting
   826 | D:1      | Reached XP level 3. HP: 28/40 MP: 1/3
  1265 | D:2      | Reached skill level 5 in Fighting
  1739 | D:2      | Reached XP level 4. HP: 13/50 MP: 4/4
  2144 | D:2      | Found a blossoming altar of Fedhas.
  2592 | D:3      | Reached skill level 6 in Fighting
  3119 | D:3      | Reached XP level 5. HP: 41/61 MP: 2/5
  3452 | D:3      | Reached skill level 7 in Fighting
  3471 | D:3      | Found a stormy altar of Qazlal.
  3551 | D:3      | Found a shattered altar of Ashenzari.
  3821 | D:3      | Reached skill level 1 in Maces & Flails
  3926 | D:4      | Reached skill level 1 in Evocations
  4014 | D:4      | Found an ornate altar of the Wu Jian Council.
  4340 | D:4      | Noticed HAL9000's ghost (novice OgHu)
  4369 | D:4      | HP: 1/62 [HAL9000's ghost (8)]
  4370 | D:4      | Slain by HAL9000's ghost

Vault maps used:
D:1:      scummos_arrival_hexagon, corexii_leaking_fountain, minmay_tromino_v2
D:2:      marbit_many_paths
D:3:      ashenzari_altar_1, nrook_loot_triangle, hangedman_decor_peaks_small,
          grunt_qazlal_sundering
D:4:      old_standard_altar, nicolae_dithmenos_through_a_glass_darkly,
          serial_forest, infiniplex_forest_lined_2,
          infiniplex_forest_lined_room_2, infiniplex_forest_clump_double,
          infiniplex_forest_straight_4, infiniplex_forest_clump_curved

Skill      XL: |  1  2  3  4  5 |
---------------+----------------+-----
Fighting       | 3 4 5 6 7 |  7.0
Maces & Flails | 1 |  1.1
Evocations     | 1 |  1.0
Throwing       | |  4.0
Dodging        | |  1.7
Stealth        | |  0.6

Action                   |  1- 3 |  4- 6 || total
-------------------------+-------+-------++-------
Melee: Short sword       |   149 |   188 ||   337
Throw: Large rock        |     4 |    12 ||    16
       Throwing net      |       |     1 ||     1
  Use: Scroll            |       |     4 ||     4
       Potion            |       |     2 ||     2
 Stab: Sleeping          |     2 |     1 ||     3
  Eat: Chunk             |     2 |     8 ||    10
Armor: Robe              |    49 |    60 ||   109
Dodge: Dodged            |    99 |   126 ||   225
